AoeStats
← OmarRisLoz

Arabia

508791965Analyzed
1v1 RM · 8d ago on Sep 24, 2026· 40m 56s· 2 players
Game mode
Random Map
Map size
Tiny (2 player)
Population
200
Speed
Normal
Resources
Standard
Victory
Conquest
Starting age
Dark Age
Ending age
Imperial Age
RankedLock teamsTeams togetherTeam positionsShared explorationLock speedFull tech treeHidden civsTurbo modeCheats
Victory
Defeat
🇲🇽 Magyars · Mexico
1069
+16
🇨🇦 Varangians · Canada
1067
-16
Morgan
5:58 Loom
9:01 Feudal Age
15:05 Bloodlines
16:38 Double-Bit Axe
20:32 Wheelbarrow
23:21 Castle Age
21:48 Forging
22:07 Scale Mail Armor
24:27 Horse Collar
24:41 Gold Mining
25:03 Bow Saw
25:23 Squires
30:35 Chain Mail Armor
32:17 Heavy Plow
35:46 Stone Mining
37:19 Iron Casting
38:34 Light Cavalry
OmarRisLoz
7:58 Loom
10:04 Feudal Age
11:04 Double-Bit Axe
14:54 Horse Collar
21:34 Castle Age
20:27 Bloodlines
21:05 Wheelbarrow
22:40 Bow Saw
23:00 Scale Barding Armor
27:42 Heavy Plow
29:38 Chain Barding Armor
29:51 Gold Mining
33:29 Hand Cart
36:06 Imperial Age
33:58 Husbandry
35:46 Gold Shaft Mining
37:06 Cavalier
38:06 Stone Mining
39:20 Two-Man Saw
38:53 Crop Rotation
39:46 Plate Barding Armor
Connection lost

Rejoining the realm…

Still unreachable

The connection could not be restored.

Session expired

The server has moved on; the page needs a fresh start.